 Dungeon Crawl Stone Soup version 0.28-a0-245-g639a1a48b9 (webtiles) character file.

Game seed: 1050191674092836997

6292 wakim the Grappler (level 10, -10/102 HPs)
             Began as a Troll Hunter on Aug 24, 2021.
             Was a Priest of Okawaru.
             Mangled by an orc knight (18 damage)
             ... in a bailey.
             The game lasted 00:36:58 (9204 turns).

wakim the Grappler (Troll Hunter)                   Turns: 9204, Time: 00:36:59

Health: -10/102    AC: 11    Str: 31    XL:     10   Next: 63%
Magic:  9/11       EV: 12    Int:  7    God:    Okawaru [***...]
Gold:   374        SH:  0    Dex: 10    Spells: 9/9 levels left

rFire   . . .      SeeInvis .     - Unarmed
rCold   . . .      Faith    .   (no shield)
rNeg    + . .      Spirit   .   p - +0 swamp dragon scales
rPois   +          Reflect  .   (helmet restricted)
rElec   .          Harm     .   (no cloak)
rCorr   .          Rampage  .   (gloves unavailable)
Will    .....                   (boots unavailable)
Stlth   ++........              g - amulet of regeneration
HPRegen 2.27/turn               k - ring of positive energy
MPRegen 0.12/turn               m - +6 ring of strength

@: heroic
A: large, unfitting armour, claws 3, regeneration 1, shaggy fur 1, tough skin 1
a: Renounce Religion, Heroism


You were in a bailey.
You worshipped Okawaru.
Okawaru was most pleased with you.
You visited 2 branches of the dungeon, and saw 9 of its levels.
You also visited: Sewer and Bailey.

You collected 399 gold pieces.
You spent 25 gold pieces at shops.

Inventory:

Missiles
 c - 5 large rocks {=f}
 d - 12 boomerangs
 e - 6 throwing nets {=f!f}
 h - 11 poisoned darts (quivered)
 q - 5 atropa-tipped darts
Armour
 b - a +2 robe of fire resistance
 p - +0 swamp dragon scales (worn)
Jewellery
 a - an amulet of guardian spirit
 f - a ring of positive energy
 g - an amulet of regeneration (around neck)
 k - a ring of positive energy (left claw)
 m - a +6 ring of strength (right claw)
Wands
 v - a wand of flame (4)
 x - a wand of iceblast (2)
 y - a wand of paralysis (9)
Scrolls
 i - a scroll of enchant weapon
 j - a scroll of enchant armour
 n - a scroll of brand weapon
 T - 5 scrolls of teleportation
 U - 3 scrolls of fear
Potions
 l - a potion of magic {unknown}
 A - a potion of ambrosia
 B - 2 potions of attraction {!q}
 C - a potion of berserk rage {!q}
 F - 2 potions of curing
 H - a potion of haste
 J - a potion of heal wounds
 L - a potion of lignification {!q}
 M - 2 potions of mutation {!q}


   Skills:
 + Level 7.5(12.5) Fighting
 + Level 7.4(12.4) Throwing
 + Level 2.3(7.3) Armour
 + Level 5.1(10.1) Dodging
 - Level 0.3(5.3) Stealth
 + Level 8.7(13.7) Unarmed Combat
 + Level 3.4 Invocations


You had 9 spell levels left.
You didn't know any spells.
Your spell library contained the following spells:

 Spells                   Type           Power      Damage    Failure   Level
 Foxfire                  Conj/Fire      0%         2x1d4     54%         1
 Conjure Flame            Conj/Fire      0%         6-21      88%         3
 Inner Flame              Hex/Fire       0%         N/A       88%         3
 Passage of Golubria      Tloc           N/A        N/A       99%         4
 Yara's Violent Unravell  Hex/Tmut       0%         3d3       100%        5
 Conjure Ball Lightning   Conj/Air       0%         3x3d6     100%        6
 Discord                  Hex            0%         N/A       100%        8
 Disjunction              Tloc           0%         N/A       100%        8
 Tukima's Dance           Hex            Unusable   N/A       N/A         3

Dungeon Overview and Level Annotations

Branches:
Dungeon (8/15)             Temple (1/1) D:6           Sewer (visited)
 Bailey (1/1)
   Lair: D:8-11

Altars:
Ashenzari
Cheibriados
Dithmenos
Elyvilon
Fedhas
Gozag
Hepliaklqana
Kikubaaqudgha
Makhleb
Nemelex Xobeh
Okawaru
Ru
Sif Muna
Trog
Vehumet
Wu Jian
Xom
Zin
The Shining One

Shops:
D:3 !   D:5 :   D:6 *


Innate Abilities, Weirdness & Mutations

You are too large for most types of armour.
You have claws for hands.
Your natural rate of healing is unusually fast.
You are covered in fur. (AC +1)
You have tough skin. (AC +1)


Message History

You open the door.
An orc and an orc warrior come into view.
The orc shouts!
The orc warrior hits you from afar with a +0 glaive!!
The orc warrior shoots a bolt.
The bolt hits you!!
* * * LOW HITPOINT WARNING * * *
You hear a shout!
An orc knight comes into view. It is wielding a +0 trident.
The orc hits you but does no damage.
There is an open door here.
The orc hits you with a +0 halberd.
* * * LOW HITPOINT WARNING * * *
The orc warrior shoots a bolt.
The bolt hits you!!
* * * LOW HITPOINT WARNING * * *
The orc closely misses you.
The orc warrior unwields a +0 arbalest.
The orc warrior hits you.
* * * LOW HITPOINT WARNING * * *
You feel much better. The orc barely misses you.
You gain the combat prowess of a mighty hero.
The orc warrior hits you but does no damage.
The orc knight roars a battlecry!
The orcs go into a battle-frenzy!
The orc closely misses you.
You closely miss the orc warrior. The orc warrior hits you.
* * * LOW HITPOINT WARNING * * *
The orc knight hits you from afar with a +0 trident!!
* * * LOW HITPOINT WARNING * * *
You claw the orc warrior!
The orc warrior is moderately wounded.
The orc hits you from afar with a +0 halberd!
* * * LOW HITPOINT WARNING * * *
The orc warrior hits you.
* * * LOW HITPOINT WARNING * * *
The orc knight hits you from afar with a +0 trident!
* * * LOW HITPOINT WARNING * * *
You mangle the orc warrior!!
The orc warrior is almost dead.
The orc barely misses you. The orc warrior barely misses you.
The orc knight hits you from afar with a +0 trident!!
You die...

## ###
##.###########∩## ##
#)..##.....##...##..
#!..#..≈≈≈..#...#..≈
#[..#.≈≈.≈≈.......≈≈
#.oo'.≈o∩(≈.......≈o
#...#.≈≈)≈≈..)....≈≈
#..@#..≈≈≈..#..)#..≈
#..o##.....##.∩.##..
##.###########∩## ##
## ###


You could see an orc knight, an orc warrior (strong) and an orc (strong).

Vanquished Creatures
  Harold (D:8)
  Erica (D:7)
  An orc knight (Bailey)
  Maggie (D:7)
  Sigmund (D:6)
  A steam dragon (D:8)
  A water moccasin (D:6)
  2 orc warriors (Bailey)
  An ice beast (D:7)
  2 sky beasts (D:5)
  A hornet zombie (D:7)
  A black bear (D:5)
  3 necrophages
  5 centaurs
  3 phantoms (D:5)
  A kobold brigand (D:6)
  5 bullfrogs
  Blork the orc (D:5)
  A wyvern zombie (D:6)
  3 scorpions
  3 killer bees (D:7)
  7 wights
  6 howler monkeys
  2 centaur zombies (D:8)
  2 hounds (D:6)
  2 jellies
  3 orc priests
  4 bullfrog skeletons
  2 gnoll shamans
  An iguana (D:7)
  A scorpion zombie (D:5)
  3 orc wizards
  A hound zombie (D:5)
  A hound skeleton (D:4)
  2 howler monkey zombies (D:6)
  Robin (D:4)
  12 gnolls
  A howler monkey skeleton (D:4)
  8 adders
  A river rat (D:3)
  A shadow imp (D:7)
  4 white imps
  2 ufetubi
  An adder skeleton (D:4)
  7 worms
  3 dart slugs
  13 orcs
  4 bats
  4 endoplasms
  10 giant cockroaches
  21 goblins
  7 hobgoblins
  5 jackals
  3 kobolds
  6 quokkas
  6 ball pythons
  7 frilled lizards
  6 rats
  A spectral goblin (D:4)
210 creatures vanquished.

Vanquished Creatures (others)
  7 plants (D:6)
7 creatures vanquished.

Grand Total: 217 creatures vanquished

Notes
Turn   | Place    | Note
-------+----------+-------------------------------------------
     0 | D:1      | wakim the Troll Hunter began the quest for the Orb.
     0 | D:1      | Reached XP level 1. HP: 19/19 MP: 0/0
   269 | D:1      | Reached XP level 2. HP: 28/28 MP: 1/1
   422 | D:1      | Reached skill level 1 in Unarmed Combat
   561 | D:1      | Found a faded altar of an unknown god.
   934 | D:2      | Reached XP level 3. HP: 33/35 MP: 2/2
  1627 | D:2      | Reached skill level 2 in Unarmed Combat
  1801 | D:2      | Reached XP level 4. HP: 44/44 MP: 3/3
  2266 | D:3      | Found a glowing drain.
  2287 | Sewer    | Entered a sewer
  2399 | Sewer    | Reached XP level 5. HP: 52/53 MP: 4/4
  2495 | Sewer    | Reached skill level 3 in Unarmed Combat
  2499 | Sewer    | Reached XP level 6. HP: 23/61 MP: 2/5
  3283 | D:3      | Found Atodirha's Distillery.
  4098 | D:4      | Identified the +0 helmet "Tuwnus" {rF+}
  4098 | D:4      | Noticed Robin
  4122 | D:4      | Killed Robin
  4467 | D:4      | Reached skill level 4 in Unarmed Combat
  4880 | D:4      | Reached XP level 7. HP: 56/70 MP: 6/6
  4937 | D:4      | Found a hazy altar of Hepliaklqana.
  5049 | D:5      | Entered Level 5 of the Dungeon
  5049 | D:5      | Found Lauma's Book Shop.
  5063 | D:5      | Noticed Blork the orc
  5103 | D:5      | Killed Blork the orc
  5208 | D:5      | Reached skill level 5 in Unarmed Combat
  5229 | D:5      | Reached skill level 5 in Throwing
  5605 | D:5      | Reached XP level 8. HP: 72/79 MP: 7/7
  5712 | D:5      | Reached skill level 5 in Fighting
  6003 | D:6      | Reached skill level 6 in Unarmed Combat
  6098 | D:6      | Found Kopliw's Assorted Antiques.
  6112 | D:6      | Bought a scroll labelled YCWOMAPTO for 25 gold pieces
  6239 | D:6      | Found a sacrificial altar of Ru.
  6327 | D:6      | Noticed Sigmund
  6494 | D:6      | Killed Sigmund
  6495 | D:6      | Reached XP level 9. HP: 89/89 MP: 8/8
  6678 | D:6      | Reached skill level 7 in Unarmed Combat
  6731 | D:6      | Found a staircase to the Ecumenical Temple.
  6768 | Temple   | Entered the Ecumenical Temple
  6777 | Temple   | Became a worshipper of Warmaster Okawaru
  7037 | D:6      | Found a glowing silver altar of Zin.
  7038 | D:6      | Found a white marble altar of Elyvilon.
  7283 | D:6      | Found a glowing golden altar of the Shining One.
  7566 | D:7      | Reached skill level 1 in Invocations
  8028 | D:7      | Noticed Maggie
  8051 | D:7      | Killed Maggie
  8051 | D:7      | Reached * piety under Okawaru
  8108 | D:7      | Reached skill level 8 in Unarmed Combat
  8716 | D:8      | Found an ancient bone altar of Kikubaaqudgha.
  8756 | D:8      | Noticed Erica
  8786 | D:7      | Killed Erica
  8786 | D:7      | Reached ** piety under Okawaru
  8787 | D:7      | Reached skill level 1 in Armour
  8787 | D:7      | Reached XP level 10. HP: 29/102 MP: 10/10
  8822 | D:8      | Found a burning altar of Makhleb.
  8939 | D:8      | Noticed Harold
  8978 | D:8      | Killed Harold
  8978 | D:8      | Reached *** piety under Okawaru
  9021 | D:8      | Found a flagged portal.
  9075 | Bailey   | Entered a bailey
  9075 | Bailey   | Noticed an orc knight
  9077 | Bailey   | Noticed an orc knight
  9091 | Bailey   | Reached skill level 5 in Dodging
  9188 | Bailey   | Killed an orc knight
  9197 | Bailey   | Noticed an orc knight
  9204 | Bailey   | Mangled by an orc knight

Illustrated notes

Levels and vault maps discovered:
D:1:      tarquinn_simple_flora_water_f, layout_loops_corners,
          basic_ecumenical_altar, minmay_hexomino_p4
D:2:      wad_river_or_something, layout_basic, palyth_stone_intersect
D:3:      wad_lake_hut, layout_basic, serial_shops, shop,
          lightli_sewer_entry_pipes
D:4:      layout_basic, nicolae_hepliaklqana_monster_ancestors, uniq_robin
D:5:      layout_basic, serial_shops, shop_statue,
          hangedman_abyss_or_decor_passed, serial_bayou_crossing,
          uniq_blork_the_orc
D:6:      layout_cave_pods, mainiacjoe_overflow_chevrons,
          nicolae_tso_swordbearing_angel, mainiacjoe_overflow_catch_the_wave,
          minmay_temple_entry_arrows, serial_shops,
          nicolae_shop_overgrown_old_shop, kennysheep_nondescript,
          minmay_alternating_orb, uniq_sigmund
D:7:      layout_gridville, minmay_fractal_squares_gapless_5, uniq_maggie
D:8:      layout_rooms, mainiacjoe_overflow_concentric_impassable,
          marbit_many_paths, jmf_multi_god_temple, enter_bailey_8,
          hangedman_decor_points, uniq_erica, uniq_maurice, uniq_harold
Temple:   dshaligram_water_room_temple
Bailey:   bailey_polearm_4, bailey

Skill      XL: |  1  2  3  4  5  6  7  8  9 10 |
---------------+-------------------------------+-----
Unarmed Combat | 1 2 3 4 5 6 8 |  8.7
Fighting       | 2 3 4 6 7 |  7.5
Throwing       | 4 5 7 |  7.4
Dodging        | 2 3 4 5 |  5.1
Invocations    | 2 3 |  3.4
Armour         | 1 2 |  2.3
Stealth        | |  0.3

Action                   |  1- 3 |  4- 6 |  7- 9 | 10-12 || total
-------------------------+-------+-------+-------+-------++-------
Melee: Unarmed           |    92 |   199 |   246 |    60 ||   597
       Punch             |       |     2 |    18 |     4 ||    24
Throw: Dart              |       |    10 |    57 |    10 ||    77
       Large rock        |       |       |     2 |       ||     2
       Boomerang         |       |       |       |     1 ||     1
Invok: Heroism           |       |       |       |     1 ||     1
Evoke: Wand              |       |       |     5 |       ||     5
  Use: Scroll            |     3 |     7 |     8 |     1 ||    19
       Potion            |       |       |       |     1 ||     1
 Stab: Sleeping          |     4 |       |       |       ||     4
Armor: Robe              |    28 |    63 |    65 |       ||   156
       Swamp dragon scal |       |       |    18 |    27 ||    45
Dodge: Dodged            |    46 |    79 |   147 |    37 ||   309

Table legend: (Time is in decaauts)
 A = Elapsed time spent in this place.
 B = Non-inter-level travel time spent in this place.
 C = Inter-level travel time spent in this place.
 D = Time resting spent in this place.
 E = Time spent auto-exploring this place.
 F = Levels seen in this place.
 G = Mean time per level.
                   A        B        C        D        E       F      G
               +--------+--------+--------+--------+--------+-----+--------+
         Total |   9337 |   8922 |    415 |    288 |   6457 |  11 |  848.8 |
       Dungeon |   8410 |   8003 |    407 |    269 |   5985 |   8 | 1051.2 |
        Temple |     62 |     54 |      8 |      0 |     42 |   1 |   62.0 |
         Sewer |    740 |    740 |      0 |      0 |    429 |   1 |  740.0 |
        Bailey |    124 |    124 |      0 |     19 |      0 |   1 |  124.0 |
               +--------+--------+--------+--------+--------+-----+--------+

Top non-repeatable levels by time:
     D:2: 1266 daAuts
     D:3: 1266 daAuts
     D:7: 1205 daAuts
     D:5: 1148 daAuts
     D:6: 1121 daAuts
     D:4: 1042 daAuts
     D:1: 895 daAuts
   Sewer: 740 daAuts
     D:8: 464 daAuts
  Bailey: 124 daAuts
  Temple: 62 daAuts
